NCAA
INDIANA HOOSIERS @ OHIO STATE BUCKEYES
04/20/2030
 
TOP OF THE 1ST
Indiana Hoosiers batting - Pitching for Ohio State Buckeyes : RHP Steven Sims
Pitching: RHP Steven Sims
Batting: RHB Scott Young 0-0: Bunt missed!
0-1: Ball
1-1: Ball
2-1: Ball
3-1: Base on Balls
Batting: LHB Jimmy Winters 0-0: Swinging Strike
0-1: Grounds into double play, 4-6-3 (Groundball, 4)
Batting: RHB Stephen McNeely 0-0: Swinging Strike
0-1: Swinging Strike
0-2: Strikes out looking
Top of the 1st over - 0 runs, 0 hits, 0 errors, 0 left on base; Indiana 0 - Ohio State 0
BOTTOM OF THE 1ST
Ohio State Buckeyes batting - Pitching for Indiana Hoosiers : LHP Robin Bergeron
Pitching: LHP Robin Bergeron
Batting: LHB David House 0-0: Ball
1-0: Called Strike
1-1: Called Strike
1-2: Foul Ball, location: 2F
1-2: Ball
2-2: Ball
3-2: Foul Ball, location: 2F
3-2: Base on Balls
Batting: LHB Spencer Copeland 0-0: Ball
1-0: Fly out, F7 (Flyball, 78D)
Batting: RHB Tommy Miller 0-0: Called Strike
0-1: Grounds into double play, 6-4-3 (Groundball, 6)
Bottom of the 1st over - 0 runs, 0 hits, 0 errors, 0 left on base; Indiana 0 - Ohio State 0
TOP OF THE 2ND
Indiana Hoosiers batting - Pitching for Ohio State Buckeyes : RHP Steven Sims
Batting: RHB Curt David 0-0: Fly out, F5 (Popup, 25)
Batting: RHB Frank Reed 0-0: Called Strike
0-1: Called Strike
0-2: Ball
1-2: Ground out 4-3 (Groundball, 4)
Batting: RHB Chris Neal 0-0: Ball
1-0: Ball
2-0: Ground out 4-3 (Groundball, 4S)
Top of the 2nd over - 0 runs, 0 hits, 0 errors, 0 left on base; Indiana 0 - Ohio State 0
BOTTOM OF THE 2ND
Ohio State Buckeyes batting - Pitching for Indiana Hoosiers : LHP Robin Bergeron
Batting: LHB Warren Rincón 0-0: Ball
1-0: Swinging Strike
1-1: Ball
2-1: Foul Ball, location: 2F
2-2: SINGLE (Flyball, 7S)
Batting: RHB Alfredo Cruz 0-0: Called Strike
0-1: Foul Ball, location: 2F
0-2: Strikes out looking
Batting: RHB Luis Méndez 0-0: Called Strike
0-1: Called Strike
0-2: Ball
1-2: Ball
2-2: Foul Ball, location: 2F
2-2: Ball
3-2: Base on Balls
Warren Rincón to second
Batting: RHB Steve Bañuelos 0-0: Ball
1-0: Ball
2-0: Called Strike
2-1: Foul Ball, location: 2F
2-2: Strikes out swinging
Batting: RHB Patrick Hopkins 0-0: Called Strike
0-1: Ball
1-1: Ball
2-1: Foul Ball, location: 2F
2-2: Strikes out swinging
Bottom of the 2nd over - 0 runs, 1 hit, 0 errors, 2 left on base; Indiana 0 - Ohio State 0
TOP OF THE 3RD
Indiana Hoosiers batting - Pitching for Ohio State Buckeyes : RHP Steven Sims
Batting: SHB Bob Madrigal 0-0: Ground out 6-3 (Groundball, 6)
Batting: LHB Bill McCann 0-0: Ball
1-0: Called Strike
1-1: Swinging Strike
1-2: Ball
2-2: Ball
3-2: Base on Balls
Batting: RHB Norm Walker 0-0: Grounds into double play, 6-4-3 (Groundball, 6)
Top of the 3rd over - 0 runs, 0 hits, 0 errors, 0 left on base; Indiana 0 - Ohio State 0
BOTTOM OF THE 3RD
Ohio State Buckeyes batting - Pitching for Indiana Hoosiers : LHP Robin Bergeron
Batting: SHB Kevin Scott 0-0: Ball
1-0: Called Strike
1-1: Ball
2-1: Swinging Strike
2-2: Ground out 6-3 (Groundball, 6)
Batting: LHB David House 0-0: Called Strike
0-1: Swinging Strike
0-2: Ball
1-2: Ball
2-2: Ball
3-2: Foul Ball, location: 2F
3-2: Base on Balls
Batting: LHB Spencer Copeland 0-0: Fly out, F8 (Flyball, 8RS)
Batting: RHB Tommy Miller 0-0: Reached on error, E5 (Groundball, 56)
David House to second
Batting: LHB Warren Rincón 0-0: DOUBLE (Line Drive, 5D)
David House scores
Tommy Miller to third
Runner from 3rd tries for Home, SAFE, no throw
Batting: RHB Alfredo Cruz 0-0: Fly out, F7 (Flyball, 7D)
Bottom of the 3rd over - 2 runs, 1 hit, 1 error, 1 left on base; Indiana 0 - Ohio State 2
TOP OF THE 4TH
Indiana Hoosiers batting - Pitching for Ohio State Buckeyes : RHP Steven Sims
Batting: RHB Scott Young 0-0: Ball
1-0: Ball
2-0: Called Strike
2-1: Ball
3-1: Base on Balls
Batting: LHB Jimmy Winters 0-0: Called Strike
0-1: Ball
1-1: Foul Ball, location: 2F
1-2: Grounds out, U3 (Groundball, 3L)
Batting: RHB Stephen McNeely 0-0: Ground out 6-3 (Groundball, 56)
Batting: RHB Curt David 0-0: Called Strike
0-1: Ball
1-1: Foul Ball, location: 2F
1-2: Ball
2-2: Ball
3-2: 2-RUN HOME RUN (Flyball, 7D), Distance : 366 ft
Batting: RHB Frank Reed 0-0: Ball
1-0: Ball
2-0: Ball
3-0: Base on Balls
Batting: RHB Chris Neal 0-0: Called Strike
0-1: Ball
1-1: Fielders Choice at 2nd, 6-4 (Groundball, 6)
Top of the 4th over - 2 runs, 1 hit, 0 errors, 1 left on base; Indiana 2 - Ohio State 2
BOTTOM OF THE 4TH
Ohio State Buckeyes batting - Pitching for Indiana Hoosiers : LHP Robin Bergeron
Batting: RHB Luis Méndez 0-0: Called Strike
0-1: Ball
1-1: Ball
2-1: Ball
3-1: Base on Balls
Batting: RHB Steve Bañuelos 0-0: Called Strike
0-1: Called Strike
0-2: Ball
1-2: Foul Ball, location: 2F
1-2: Ball
2-2: Reached on error, E5 (Groundball, 25)
Luis Méndez to second
Batting: RHB Patrick Hopkins 0-0: Ball
1-0: Called Strike
1-1: Ball
2-1: Fielders Choice at 2nd, 3-6 (Groundball, 34)
Luis Méndez to third
Batting: SHB Kevin Scott 0-0: Ball
1-0: Foul Ball, location: 2F
1-1: Fly out, F6 (Popup, 6MS)
Batting: LHB David House 0-0: Ball
1-0: Called Strike
1-1: Foul Ball, location: 2F
1-2: Ball
2-2: Ball
3-2: Ground out 4-3 (Groundball, 4)
Bottom of the 4th over - 0 runs, 0 hits, 1 error, 2 left on base; Indiana 2 - Ohio State 2
TOP OF THE 5TH
Indiana Hoosiers batting - Pitching for Ohio State Buckeyes : RHP Steven Sims
Batting: SHB Bob Madrigal 0-0: Ball
1-0: Ball
2-0: Ball
3-0: Called Strike
3-1: Ground out 1-3 (Groundball, 15S)
Batting: LHB Bill McCann 0-0: Ball
1-0: Called Strike
1-1: Ball
2-1: Foul Ball, location: 2F
2-2: Strikes out swinging
Batting: RHB Norm Walker 0-0: Called Strike
0-1: Ball
1-1: Swinging Strike
1-2: Ball
2-2: SINGLE (Groundball, 34D)
Batting: RHB Scott Young 0-0: Ball
1-0: Ground out 4-3 (Groundball, 4)
Top of the 5th over - 0 runs, 1 hit, 0 errors, 1 left on base; Indiana 2 - Ohio State 2
BOTTOM OF THE 5TH
Ohio State Buckeyes batting - Pitching for Indiana Hoosiers : LHP Robin Bergeron
Batting: LHB Spencer Copeland 0-0: Ball
1-0: Ground out 4-3 (Groundball, 4)
Batting: RHB Tommy Miller 0-0: Called Strike
0-1: Ground out 5-3 (Groundball, 56S)
Batting: LHB Warren Rincón 0-0: Ball
1-0: Ball
2-0: Ball
3-0: Base on Balls
Pitching: RHP Dave Murray
Batting: RHB Alfredo Cruz 0-0: Ball
1-0: Ball
2-0: Ground out 4-3 (Groundball, 4)
Bottom of the 5th over - 0 runs, 0 hits, 0 errors, 1 left on base; Indiana 2 - Ohio State 2
TOP OF THE 6TH
Indiana Hoosiers batting - Pitching for Ohio State Buckeyes : RHP Steven Sims
Batting: LHB Jimmy Winters 0-0: Ball
1-0: Ball
2-0: Swinging Strike
2-1: Swinging Strike
2-2: Ball
3-2: Base on Balls
Batting: RHB Stephen McNeely 0-0: Called Strike
0-1: Foul Ball, location: 2F
0-2: Foul Ball, location: 2F
0-2: Foul Ball, location: 2F
0-2: Ground out 5-3 (Groundball, 56S)
Jimmy Winters to second
Batting: RHB Curt David 0-0: Intentional Walk
Batting: RHB Frank Reed 0-0: Foul Ball, location: 2F
0-1: Called Strike
0-2: Grounds into double play, 6-4-3 (Groundball, 6)
Top of the 6th over - 0 runs, 0 hits, 0 errors, 1 left on base; Indiana 2 - Ohio State 2
BOTTOM OF THE 6TH
Ohio State Buckeyes batting - Pitching for Indiana Hoosiers : RHP Dave Murray
Batting: RHB Luis Méndez 0-0: Ball
1-0: Called Strike
1-1: SINGLE (Flyball, 89M)
Batting: RHB Steve Bañuelos 0-0: Called Strike
0-1: Called Strike
0-2: Strikes out looking
Batting: RHB Patrick Hopkins 0-0: Foul Ball, location: 2F
0-1: Swinging Strike
0-2: Foul Ball, location: 2F
0-2: Ball
1-2: Ball
2-2: Ball
3-2: Foul Ball, location: 2F
3-2: Foul Ball, location: 2F
3-2: Base on Balls
Luis Méndez to second
Batting: SHB Kevin Scott 0-0: Foul Ball, location: 2F
0-1: Ball
1-1: Called Strike
1-2: Strikes out looking
Batting: LHB David House 0-0: Ball
1-0: Ball
2-0: Ball
3-0: Called Strike
3-1: Base on Balls
Luis Méndez to third
Patrick Hopkins to second
Batting: LHB Spencer Copeland 0-0: Called Strike
0-1: Ball
1-1: DOUBLE (Flyball, 78D)
Luis Méndez scores
Patrick Hopkins scores
David House to third
Runner from 3rd tries for Home, SAFE, no throw
Pitching: RHP Bob Kelly
Batting: RHB Tommy Miller 0-0: Ball
1-0: 2-RUN HOME RUN (Flyball, 7D), Distance : 361 ft
Batting: LHB Warren Rincón 0-0: Ball
1-0: SOLO HOME RUN (Flyball, 9D), Distance : 357 ft
Batting: RHB Alfredo Cruz 0-0: Called Strike
0-1: Called Strike
0-2: Ball
1-2: Strikes out swinging
Bottom of the 6th over - 6 runs, 4 hits, 0 errors, 0 left on base; Indiana 2 - Ohio State 8
TOP OF THE 7TH
Indiana Hoosiers batting - Pitching for Ohio State Buckeyes : RHP Steven Sims
Pitching: RHP Tom Allen
Batting: RHB Chris Neal 0-0: Called Strike
0-1: Ball
1-1: SINGLE (Groundball, 5D)
Batting: SHB Bob Madrigal 0-0: Foul Ball, location: 2F
0-1: Ball
1-1: Ball
2-1: Foul Ball, location: 2F
2-2: Ball
3-2: 2-RUN HOME RUN (Flyball, 8LXD), Distance : 411 ft
Pitching: RHP Leonardo Gutiérrez
Batting: LHB Bill McCann 0-0: Ball
1-0: Foul Ball, location: 2F
1-1: SINGLE (Line Drive, 9S)
Batting: RHB Norm Walker 0-0: Ball
1-0: Called Strike
1-1: Swinging Strike
1-2: Ball
2-2: Strikes out swinging
Batting: RHB Scott Young 0-0: Fielders Choice at 2nd, 1-6 (Groundball, 13)
Batting: LHB Jimmy Winters 0-0: Called Strike
0-1: Called Strike
Scott Young steals 2nd base
0-2: Foul Ball, location: 2F
0-2: Ball
1-2: Strikes out looking
Top of the 7th over - 2 runs, 3 hits, 0 errors, 1 left on base; Indiana 4 - Ohio State 8
BOTTOM OF THE 7TH
Ohio State Buckeyes batting - Pitching for Indiana Hoosiers : RHP Bob Kelly
Pitching: RHP Joe Green
Batting: RHB Luis Méndez 0-0: Ball
1-0: Ball
2-0: Ball
3-0: Called Strike
3-1: Base on Balls
Batting: RHB Steve Bañuelos 0-0: Ball
1-0: Grounds into double play, 4-6-3 (Groundball, 4)
Batting: RHB Patrick Hopkins 0-0: Ball
1-0: Ball
2-0: Ball
3-0: Base on Balls
Batting: SHB Kevin Scott 0-0: Ball
Wild Pitch!
Patrick Hopkins to second
1-0: Ball
2-0: Ball
3-0: Base on Balls
Pitching: LHP Johnny Mendoza
Batting: LHB David House 0-0: Ball
1-0: Ball
Error on foul ball, E3
2-1: Foul Ball, location: 2F
2-2: Ball
3-2: SINGLE (Line Drive, 34)
Patrick Hopkins to third
Kevin Scott to second
Patrick Hopkins scores
Kevin Scott to third
Batting: LHB Spencer Copeland 0-0: Called Strike
0-1: Foul Ball, location: 2F
0-2: Foul Ball, location: 2F
0-2: Ball
1-2: Strikes out looking
Bottom of the 7th over - 1 run, 1 hit, 1 error, 2 left on base; Indiana 4 - Ohio State 9
TOP OF THE 8TH
Indiana Hoosiers batting - Pitching for Ohio State Buckeyes : RHP Leonardo Gutiérrez
Now at C: Kevin Bolton
Batting: RHB Stephen McNeely 0-0: Ball
1-0: Called Strike
1-1: Foul Ball, location: 2F
1-2: Ball
2-2: Foul Ball, location: 2F
2-2: Foul Ball, location: 2F
2-2: Strikes out swinging
Batting: RHB Curt David 0-0: Ball
1-0: Called Strike
1-1: Ball
2-1: Ball
3-1: Base on Balls
Batting: RHB Frank Reed 0-0: Swinging Strike
0-1: Called Strike
0-2: Strikes out looking
Batting: RHB Chris Neal 0-0: Called Strike
0-1: Swinging Strike
0-2: Strikes out swinging
Top of the 8th over - 0 runs, 0 hits, 0 errors, 1 left on base; Indiana 4 - Ohio State 9
BOTTOM OF THE 8TH
Ohio State Buckeyes batting - Pitching for Indiana Hoosiers : LHP Johnny Mendoza
Pitching: LHP Teddy Rich
Batting: RHB Tommy Miller 0-0: Ball
1-0: Ball
2-0: Called Strike
2-1: Ball
3-1: Base on Balls
Batting: LHB Warren Rincón 0-0: Called Strike
0-1: Foul Ball, location: 2F
0-2: Foul Ball, location: 2F
0-2: Ball
1-2: Grounds into double play, 4-6-3 (Groundball, 34)
Batting: RHB Alfredo Cruz 0-0: Foul Ball, location: 2F
0-1: Reached on error, E4 (Groundball, 4)
Batting: RHB Luis Méndez 0-0: Ball
1-0: Called Strike
1-1: Swinging Strike
1-2: SINGLE (Line Drive, 6MD)
Alfredo Cruz to second
Runner from 2nd tries for 3rd, SAFE, throw made to third
Now in CF: Luke Nelson
Batting: RHB Steve Bañuelos 0-0: SINGLE (Flyball, 9S)
Alfredo Cruz scores
Luis Méndez to second
Runner from 2nd tries for 3rd, SAFE, no throw
Batting: RHB Kevin Bolton 0-0: Foul Ball, location: 2F
0-1: Swinging Strike
0-2: Ball
1-2: Ball
2-2: Ball
3-2: Base on Balls
Steve Bañuelos to second
Batting: SHB Kevin Scott 0-0: Ball
1-0: Foul Ball, location: 2F
1-1: Ball
2-1: Ball
3-1: Called Strike
3-2: Strikes out looking
Bottom of the 8th over - 1 run, 2 hits, 1 error, 3 left on base; Indiana 4 - Ohio State 10
TOP OF THE 9TH
Indiana Hoosiers batting - Pitching for Ohio State Buckeyes : RHP Leonardo Gutiérrez
Now at SS: Luis Antonio Cortéz
Batting: SHB Bob Madrigal 0-0: Ball
1-0: Foul Ball, location: 2F
1-1: Foul Ball, location: 2F
1-2: Ball
2-2: SINGLE (Groundball, 6MD)
Batting: LHB Bill McCann 0-0: Foul Ball, location: 2F
0-1: Foul Ball, location: 2F
0-2: Ball
1-2: Ball
2-2: Grounds into double play, 5-4-3 (Groundball, 56)
Batting: RHB Norm Walker 0-0: Ball
1-0: Ball
2-0: Foul Ball, location: 2F
2-1: Called Strike
2-2: Strikes out swinging
Top of the 9th over - 0 runs, 1 hit, 0 errors, 0 left on base; Indiana 4 - Ohio State 10
Saturday, April 7th, 2018 - OOTP Baseball 18.8 Build 76